 Dungeon Crawl Stone Soup version 0.19.5 (webtiles) character file.

6919 Monsterracer the Basher (level 11, -3/118 HPs)
             Began as an Ogre Monk on July 6, 2017.
             Was a High Priest of Zin.
             Slain by a phantasmal warrior (19 damage)
             ... led by a death knight
             ... on level 9 of the Dungeon.
             The game lasted 00:23:51 (9707 turns).

Monsterracer the Basher (Ogre Monk)                 Turns: 9707, Time: 00:23:52

Health: -3/118     AC:  8    Str: 21    XL:     11   Next: 7%
Magic:  0/18       EV: 14    Int: 11    God:    Zin [*****.]
Gold:   323        SH:  0    Dex: 15    Spells: 0 memorised, 10 levels left

rFire  + . .     SeeInvis .     b - +1 giant spiked club
rCold  . . .     Gourm    .     u - +2 robe {MR+}
rNeg   . . .     Faith    .     (shield currently unavailable)
rPois  .         Spirit   +     (helmet restricted)
rElec  .         Reflect  .     t - +2 cloak
rCorr  .         Harm     .     (gloves unavailable)
MR     ++...                    (boots unavailable)
Stlth  ++........               n - amulet of guardian spirit
                                w - +3 ring of strength
                                e - ring of protection from fire

@: lethally poisoned (-3 -> -4)
A: unfitting armour, clever 1, tough skin 1
a: Recite, Vitalisation, Imprison, Sanctuary, Donate Gold, Renounce Religion


You were on level 9 of the Dungeon.
You worshipped Zin.
Zin was extremely pleased with you.
You were not hungry.

You visited 1 branch of the dungeon, and saw 9 of its levels.
You also visited: Sewer.

You collected 449 gold pieces.
You spent 82 gold pieces at shops.
You donated 44 gold pieces to Zin.

Inventory:

Hand Weapons
 b - a +1 giant spiked club (weapon)
Missiles
 d - 3 large rocks
 v - 8 tomahawks (quivered)
Armour
 t - a +2 cloak (worn)
 u - a +2 robe of magic resistance (worn)
Jewellery
 a - an uncursed ring of protection from fire
 e - a ring of protection from fire (left hand)
 n - an amulet of guardian spirit (around neck)
 w - a +3 ring of strength (right hand)
Wands
 g - a wand of lightning (11/15)
Scrolls
 f - 6 scrolls of identify
 i - a scroll of teleportation
 j - a scroll of blinking
 k - a scroll of fog
 m - 5 scrolls of remove curse
 r - 3 scrolls of enchant armour
Potions
 h - 2 potions of agility
 l - 3 potions of curing
 o - 3 potions of berserk rage
 q - 4 potions of flight
 s - 3 potions of heal wounds
Comestibles
 c - 2 bread rations
 p - 5 meat rations
 x - 4 chunks of flesh


   Skills:
 + Level 10.2 Fighting
 * Level 13.2 Maces & Flails
 + Level 6.7 Dodging
 - Level 1.4 Stealth
 * Level 9.6 Invocations


You had 10 spell levels left.
You didn't know any spells.

Dungeon Overview and Level Annotations

Branches:
Dungeon (9/15)             Temple (0/1) D:4
   Lair: D:8-11         Orc: D:9-12

Altars:
Kikubaaqudgha
Makhleb
Qazlal
Trog
Vehumet
Xom
Yredelemnul
Zin
The Shining One

Shops:
D:6 ?   D:7 (   D:9 :


Innate Abilities, Weirdness & Mutations

You are too large for most types of armour.
You have tough skin. (AC +1)
Your mind is acute. (Int +2)


Message History

You feel sick.
The phantasmal warrior blinks!
There is an open door here.
The phantasmal warrior blinks!
You feel sick.
Damage: -1%(-1hp) hp: 13%(15hp)
You closely miss the phantasmal warrior.
The phantasmal warrior is almost destroyed.
The phantasmal warrior barely misses you.
The skeletal warrior barely misses you.
The phantasmal warrior closely misses you.
Okay, then.
Blink to where?
Press: ? - help, Dir - move target cursor You can't see that place. [the floor.]
Okay, then.
The skeletal warrior closely misses you.
The phantasmal warrior hits you!!
* * * LOW MAGIC WARNING * * *
You die...

....#####...+.......#)#.z......#.
....'.....# #.......#)#........##
....####### #.......#W)W...∩...##
#'### #.......###........## #.#
#.......# #........# #.#
#.......# #........# ..#
###'##### #######+## .## #z## .#
#.@# (#### ########W## .(<.#
#.........# ....# #.........#
....# ###...>.....#
....###.'.........#
....##..#.........#
.)..'..##.........+
....#####.........#


You could see a skeletal warrior and a phantasmal warrior.

Vanquished Creatures
  Erica (D:8)
  Pikel (D:6)
  Grinder (D:6)
  4 hippogriffs
  Sigmund (D:6)
  A wyvern (D:9)
  2 hungry ghosts (D:8)
  Menkaure (D:4)
  Duvessa (D:7)
  A water moccasin (D:8)
  3 sky beasts
  4 orc warriors
  2 ice beasts
  3 phantoms
  A necrophage (D:8)
  5 ogres
  5 centaurs
  The ghost of Monsterracer the Slasher, an amateur HESk of Ashenzari (D:3)
  2 big kobolds (Sewer)
  3 bullfrogs (D:7)
  A gnoll sergeant (D:6)
  2 scorpions
  Dowan (D:7)
  4 killer bees
  4 wights (D:7)
  2 howler monkeys (D:9)
  4 crimson imps
  A jelly (D:9)
  A quasit (D:6)
  2 centaur skeletons
  3 hounds
  Crazy Yiuf (D:2)
  4 bullfrog skeletons
  3 orc wizards
  2 worker ants
  A hound zombie (D:9)
  A hound skeleton (D:8)
  4 gnolls (D:6)
  A howler monkey skeleton (D:6)
  13 adders
  2 river rats (D:5)
  3 shadow imps
  2 oozes
  2 adder skeletons (D:4)
  4 worms
  3 dart slugs
  3 leopard geckos
  33 orcs
  8 bats
  10 giant cockroaches
  13 goblins
  4 hobgoblins
  5 jackals
  28 kobolds
  A quokka (D:4)
  7 ball pythons
  7 frilled lizards
  A jackal skeleton (D:6)
  7 rats
  A spectral orc (D:6)
242 creatures vanquished.

Vanquished Creatures (others)
  A worker ant (D:6)
  A hound skeleton (D:6)
2 creatures vanquished.

Grand Total: 244 creatures vanquished

Notes
Turn   | Place    | Note
-------+----------+-------------------------------------------
     0 | D:1      | Monsterracer the Ogre Monk began the quest for the Orb.
     0 | D:1      | Reached XP level 1. HP: 24/24 MP: 1/1
   101 | D:1      | Reached XP level 2. HP: 33/33 MP: 2/2
   514 | D:1      | Gained mutation: Your mind is acute. (Int +2) [potion of beneficial mutation]
   734 | D:1      | Reached XP level 3. HP: 40/40 MP: 3/3
  1140 | D:2      | Reached skill level 5 in Fighting
  1140 | D:2      | Reached skill level 5 in Maces & Flails
  1428 | D:2      | Reached XP level 4. HP: 41/50 MP: 4/4
  1718 | D:2      | Found a runed door.
  1722 | D:2      | Noticed Crazy Yiuf
  1730 | D:2      | Killed Crazy Yiuf
  2259 | D:3      | Reached XP level 5. HP: 53/57 MP: 5/5
  2375 | D:3      | Noticed Monsterracer's ghost (amateur HESk)
  2383 | D:3      | Killed Monsterracer's ghost
  2383 | D:3      | Reached skill level 6 in Maces & Flails
  2599 | D:3      | Reached XP level 6. HP: 60/68 MP: 4/6
  2708 | D:3      | Found a glowing golden altar of the Shining One.
  2757 | D:3      | Found a burning altar of Makhleb.
  2759 | D:3      | Found a glowing silver altar of Zin.
  2759 | D:3      | Noticed an angel
  2760 | D:3      | Noticed a cacodemon
  2826 | D:3      | Became a worshipper of Zin the Law-Giver
  2826 | D:3      | Reached * piety under Zin
  2826 | D:3      | Reached ** piety under Zin
  3051 | D:4      | Noticed a phantom
  3106 | D:4      | Killed a phantom
  3106 | D:4      | Reached skill level 7 in Maces & Flails
  3106 | D:4      | Reached skill level 1 in Invocations
  3241 | D:4      | Found a radiant altar of Vehumet.
  3248 | D:4      | Reached *** piety under Zin
  3685 | D:4      | Noticed Menkaure
  3800 | D:4      | Killed Menkaure
  3800 | D:4      | Reached XP level 7. HP: 17/76 MP: 2/8
  4079 | D:4      | Reached skill level 8 in Maces & Flails
  4271 | D:4      | Reached XP level 8. HP: 47/87 MP: 5/10
  4477 | D:4      | Found a staircase to the Ecumenical Temple.
  4536 | D:5      | Entered Level 5 of the Dungeon
  4650 | D:5      | Found a faded altar of an unknown god.
  4650 | D:5      | Found a faded altar of an unknown god.
  4797 | D:5      | Reached skill level 9 in Maces & Flails
  4829 | D:5      | Found a glowing drain.
  4833 | Sewer    | Entered a sewer
  5315 | D:5      | Found a stormy altar of Qazlal.
  5644 | D:5      | Found a faded altar of an unknown god.
  5646 | D:5      | Found an ancient bone altar of Kikubaaqudgha.
  5647 | D:5      | Found a faded altar of an unknown god.
  5788 | D:6      | Found Leggepp's Magic Scroll Shop.
  5798 | D:6      | Noticed Grinder
  5801 | D:6      | Bought a scroll of blinking for 82 gold pieces
  5816 | D:6      | Killed Grinder
  5816 | D:6      | Reached skill level 5 in Dodging
  5816 | D:6      | Reached skill level 5 in Invocations
  5816 | D:6      | Reached XP level 9. HP: 68/96 MP: 10/12
  5857 | D:6      | Noticed Sigmund
  5863 | D:6      | Killed Sigmund
  5863 | D:6      | Reached skill level 10 in Maces & Flails
  5887 | D:6      | Noticed Pikel
  5892 | D:6      | Killed Pikel
  6083 | D:6      | Reached **** piety under Zin
  6256 | D:6      | Found a basalt altar of Yredelemnul.
  6676 | D:6      | Reached skill level 11 in Maces & Flails
  6982 | D:7      | Found Yhin Nurgh's Antique Weapon Emporium.
  7082 | D:7      | Noticed Dowan
  7090 | D:7      | Reached XP level 10. HP: 88/107 MP: 15/15
  7124 | D:7      | Killed Dowan
  7235 | D:7      | Noticed Duvessa
  7249 | D:7      | Killed Duvessa
  7611 | D:7      | Reached ***** piety under Zin
  7636 | D:7      | Reached skill level 12 in Maces & Flails
  7820 | D:7      | HP: 5/107 [orc warrior/long sword (17)]
  8268 | D:8      | Noticed Erica
  8281 | D:8      | Killed Erica
  8326 | D:8      | Found a flagged portal.
  8620 | D:8      | Found a bloodstained altar of Trog.
  8653 | D:8      | Reached skill level 10 in Fighting
  8878 | D:8      | Reached skill level 13 in Maces & Flails
  9359 | D:9      | Reached XP level 11. HP: 115/117 MP: 18/18
  9426 | D:9      | Found a shimmering altar of Xom.
  9426 | D:9      | Found a shimmering altar of Xom.
  9428 | D:9      | Found a shimmering altar of Xom.
  9429 | D:9      | Found a shimmering altar of Xom.
  9430 | D:9      | Found a shimmering altar of Xom.
  9430 | D:9      | Found a shimmering altar of Xom.
  9430 | D:9      | Found a shimmering altar of Xom.
  9441 | D:9      | Found Yqinifiw's Book Boutique.
  9670 | D:9      | Noticed a phantasmal warrior
  9672 | D:9      | Noticed a death knight
  9672 | D:9      | Noticed a skeletal warrior
  9707 | D:9      | Slain by a phantasmal warrior

Skill      XL: |  1  2  3  4  5  6  7  8  9 10 |
---------------+-------------------------------+-----
Fighting       | 5 6 7 8 9 10 | 10.2
Maces & Flails | 5 6 7 8 9 11 13 | 13.2
Dodging        | 3 4 5 6 |  6.7
Invocations    | 1 2 5 7 9 |  9.6
Stealth        | |  1.4

Action                   |  1- 3 |  4- 6 |  7- 9 | 10-12 || total
-------------------------+-------+-------+-------+-------++-------
Melee: Mace              |   128 |   151 |    10 |       ||   289
       Giant spiked club |       |       |   283 |   239 ||   522
Throw: Tomahawk          |       |       |       |     1 ||     1
Invok: Recite            |       |     1 |     5 |     6 ||    12
       Vitalisation      |       |       |       |     1 ||     1
  Use: Scroll            |     3 |     3 |     8 |     3 ||    17
       Potion            |     3 |     1 |     5 |     2 ||    11
  Eat: Chunk             |    11 |     6 |     1 |     4 ||    22
       Pizza             |       |       |     1 |     1 ||     2
       Bread ration      |       |       |     1 |     2 ||     3
Armor: Robe              |    38 |    37 |   145 |    97 ||   317
Dodge: Dodged            |    83 |    73 |   252 |   259 ||   667
